 Dungeon Crawl Stone Soup version 0.25-a0-426-g7d9e569eea (webtiles) character file.

Game seed: 2693569120262339657, levelgen mode: deterministic

303 Eurus the Magician (level 6, -11/47 HPs)
             Began as a Mummy Conjurer on Jan 25, 2020.
             Was a Follower of Ashenzari.
             Blown up by Ijyb (18 damage)
             ... with a disintegration bolt
             ... on level 4 of the Dungeon.
             The game lasted 00:13:01 (4246 turns).

Eurus the Magician (Mummy Conjurer)                 Turns: 4246, Time: 00:13:01

Health: -11/47     AC:  5    Str: 12    XL:     6   Next: 15%
Magic:  0/13       EV: 16    Int: 16    God:    Ashenzari [*.....]
Gold:   99         SH:  0    Dex: 12    Spells: 12/15 levels left

rFire    x . .     SeeInvis .   c - -2 spear (curse)
rCold    + . .     Gourm    .   (no shield)
rNeg     + + +     Faith    .   a - +1 robe
rPois    ∞         Spirit   .   l - +0 helmet
rElec    .         Reflect  .   (no cloak)
rCorr    .         Harm     .   (no gloves)
MR       .....                  k - +0 pair of boots
Stlth    ++........             (no amulet)
HPRegen  0.15/turn              b - +4 ring of evasion
MPRegen  0.13/turn              (no ring)

@: no status effects
A: no food or potions, fire vulnerability, cold resistance 1, negative energy
resistance 3, torment resistance, unbreathing
a: Curse Item, Scrying, Renounce Religion


You were on level 4 of the Dungeon.
You worshipped Ashenzari.
Ashenzari was aware of your devotion.
You were not hungry.

You visited 1 branch of the dungeon, and saw 4 of its levels.

You collected 99 gold pieces.

Inventory:

Hand Weapons
 c - a cursed -2 spear (weapon)
 d - a +0 dagger
 e - a +0 spear
 f - a +2 short sword of protection
 j - a +4 dagger
Armour
 a - a +1 robe (worn)
 k - a +0 pair of boots (worn)
 l - a +0 helmet (worn)
 m - a +0 large shield
Jewellery
 b - a +4 ring of evasion (left hand)
Scrolls
 g - a scroll of enchant weapon
 h - 2 scrolls of enchant armour
 i - a scroll of blinking
 n - a scroll of amnesia {unknown}


   Skills:
 - Level 3.0 Fighting
 - Level 1.5 Dodging
 - Level 1.5 Stealth
 + Level 5.2 Spellcasting
 + Level 4.5 Conjurations


You had 12 spell levels left.
You knew the following spells:

 Your Spells              Type           Power        Failure   Level  Hunger
a - Magic Dart            Conj           ###.         2%          1    N/A
b - Searing Ray           Conj           ###...       3%          2    N/A

Your spell library contained the following spells:

 Spells                   Type           Power        Failure   Level  Hunger
 Dazzling Flash           Conj/Hex       ##....       19%         3    N/A
 Fulminant Prism          Conj/Hex       ##........   52%         4    N/A
 Iskenderun's Mystic Bla  Conj/Tloc      ##......     52%         4    N/A

Dungeon Overview and Level Annotations

Branches:
Dungeon (4/15)
 Temple: D:4-7

Altars:
Ashenzari

Annotations:
D:3 Sigmund
D:4 Ijyb


Innate Abilities, Weirdness & Mutations

You do not eat or drink.
Your flesh is vulnerable to fire.
You are immune to poison.
Your flesh is cold resistant. (rC+)
You are immune to negative energy. (rN+++)
You are immune to unholy pain and torment.
You can survive without breathing.


Message History

You closely miss Ijyb.
Ijyb is heavily wounded.
Ijyb hits you.
* * * LOW HITPOINT WARNING * * *
You closely miss Ijyb.
Ijyb is heavily wounded.
Ijyb closely misses you.
You closely miss Ijyb.
Ijyb is heavily wounded.
Ijyb hits you.
* * * LOW HITPOINT WARNING * * *
Casting: Searing Ray (safe; 3% risk of failure)
Confirm with . or Enter, or press ? or * to list all spells.
Aiming: Magic Dart (safe; 2% risk of failure)
Press: ? - help, Shift-Dir - straight line, f/p - Ijyb
Aim: Ijyb, wearing a +0 chain mail and carrying a wand of disintegration (1) (heavily wounded)
The magic dart hits Ijyb.
Ijyb is severely wounded.
Ijyb zaps a wand.
You are blasted!
You die...

#.. ......#
####
..#.......
......%..#..#
##.. )......#
##...........
......#....#
#.........#
#.....@g.#
#..###......#
...........
.........###.
##..#....##
#.......# #.
.....#
.####...>


You could see Ijyb.

Vanquished Creatures
  A crimson imp (D:3)
  An orc priest (D:3)
  Natasha (thrice) (D:2)
  An orc wizard (D:3)
  Robin (D:1)
  2 adders (D:2)
  A worm (D:3)
  A dart slug (D:2)
  4 leopard geckos
  10 orcs
  2 giant cockroaches
  17 goblins
  13 hobgoblins
  7 jackals
  A quokka (D:1)
  2 ball pythons
  6 bats
  A frilled lizard (D:2)
  8 kobolds
  3 rats
85 creatures vanquished.

Notes
Turn   | Place    | Note
-------+----------+-------------------------------------------
     0 | D:1      | Eurus the Mummy Conjurer began the quest for the Orb.
     0 | D:1      | Reached XP level 1. HP: 13/13 MP: 4/4
   284 | D:1      | Found a shattered altar of Ashenzari.
   289 | D:1      | Reached skill level 3 in Spellcasting
   289 | D:1      | Reached XP level 2. HP: 18/20 MP: 1/6
   335 | D:1      | Reached skill level 1 in Fighting
   344 | D:1      | Learned a level 2 spell: Searing Ray
   344 | D:1      | Became a worshipper of Ashenzari the Shackled
  1204 | D:2      | Reached XP level 3. HP: 26/26 MP: 4/7
  1265 | D:2      | Noticed Robin
  1620 | D:2      | Noticed Natasha
  1788 | D:1      | Killed Robin
  1943 | D:2      | Reached XP level 4. HP: 31/33 MP: 4/9
  2354 | D:2      | Killed Natasha
  2354 | D:2      | Reached skill level 4 in Spellcasting
  2429 | D:2      | Noticed Natasha
  2433 | D:2      | Killed Natasha
  2433 | D:2      | Reached XP level 5. HP: 36/39 MP: 6/11
  2802 | D:2      | Noticed Natasha
  2808 | D:2      | Killed Natasha
  3286 | D:3      | Reached * piety under Ashenzari
  3320 | D:3      | Noticed Sigmund
  3785 | D:3      | Reached skill level 5 in Spellcasting
  3785 | D:3      | Reached XP level 6. HP: 47/47 MP: 3/13
  4227 | D:4      | Noticed Ijyb
  4246 | D:4      | Blown up by Ijyb

Levels and vault maps discovered:
D:1:      moated_graveyard_arrival, layout_basic, evilmike_ruin_ashenzari
D:2:      layout_loops_ring, uniq_natasha, uniq_robin
D:3:      layout_basic, first_ration, uniq_sigmund
D:4:      layout_layer_cave, nemelex_xobeh_ov_fountains_minmay, uniq_ijyb

Skill      XL: |  1  2  3  4  5 |
---------------+----------------+-----
Spellcasting   | 3 4 5 |  5.2
Fighting       | 1 2 3 |  3.0
Conjurations   | 4 |  4.5
Dodging        | |  1.5
Stealth        | |  1.5

Action                   |  1- 3 |  4- 6 || total
-------------------------+-------+-------++-------
Melee: Spear             |    89 |   103 ||   192
 Cast: Magic Dart        |    69 |    58 ||   127
       Searing Ray       |     2 |    17 ||    19
  Use: Scroll            |     3 |     1 ||     4
 Stab: Sleeping          |     3 |     2 ||     5
Armor: Robe              |    12 |    17 ||    29
Dodge: Dodged            |    88 |   111 ||   199

Table legend:
 A = Non-vault XP
 B = Vault XP
 C = Vault XP percentage of total XP
 D = Non-vault monster count
 E = Vault monster count
 F = Vault count percentage of total count
                 A         B        C        D         E       F
            +---------+---------+-------+---------+---------+-------
      Total |     359 |      75 |  17.3 |      71 |      14 |  16.5
            +---------+---------+-------+---------+---------+-------
        D:1 |      32 |      16 |  33.3 |      19 |       1 |   5.0
        D:2 |     146 |      59 |  28.8 |      27 |      13 |  32.5
        D:3 |     181 |       0 |   0.0 |      25 |       0 |   0.0
            +---------+---------+-------+---------+---------+-------
